 Dungeon Crawl Stone Soup version 0.21.1-1-g345015f (webtiles) character file.

466 jamsan the Ducker (level 6, -9/30 HPs)
             Began as a Spriggan Warper on June 9, 2018.
             Mangled by an orc warrior
             ... wielding a cursed -3 halberd
              (21 damage)
             ... on level 6 of the Dungeon.
             The game lasted 01:09:12 (7790 turns).

jamsan the Ducker (Spriggan Warper)                 Turns: 7790, Time: 01:09:12

Health: -9/30      AC:  3    Str:  7    XL:     6   Next: 81%
Magic:  9/11       EV: 22    Int: 17    God:
Gold:   26         SH:  0    Dex: 18    Spells: 0/11 levels left

rFire    . . .     SeeInvis +   t - +2 short sword (venom)
rCold    . . .     Gourm    .   (shield restricted)
rNeg     + . .     Faith    .   b - +1 robe
rPois    .         Spirit   .   (helmet restricted)
rElec    .         Reflect  .   (no cloak)
rCorr    .         Harm     .   (gloves unavailable)
MR       +....                  (boots unavailable)
Stlth    +++.......             (no amulet)
HPRegen  0.10/turn              u - +3 ring of intelligence
MPRegen  0.12/turn              A - ring of positive energy

@: very quick
A: very small, unfitting armour, see invisible, herbivore, speed 3, slow
metabolism 2
a: no special abilities


You were on level 6 of the Dungeon.
You were not hungry.

You visited 1 branch of the dungeon, and saw 6 of its levels.

You collected 200 gold pieces.
You spent 174 gold pieces at shops.

Inventory:

Hand Weapons
 t - a +2 short sword of venom (weapon)
 x - a +1 short sword of speed
Missiles
 e - 3 tomahawks of dispersal (quivered)
 r - 3 needles of confusion
Armour
 b - a +1 robe (worn)
 s - a +0 pair of gloves
Magical Staves
 w - a cursed staff of death {unknown}
Jewellery
 o - an uncursed ring of resist corrosion
 u - a +3 ring of intelligence (left hand)
 y - an uncursed ring of ice
 A - a ring of positive energy (right hand)
Wands
 d - a wand of acid (5)
 D - a wand of flame (23)
Scrolls
 h - a scroll of enchant armour
 l - a scroll of immolation
 m - a scroll of magic mapping {unknown}
 n - 2 scrolls of remove curse
 v - 2 scrolls of fog {unknown}
 z - a scroll of enchant weapon {unknown}
 C - a scroll of fear {unknown}
Potions
 a - a potion of flight {unknown}
 g - a potion of lignification {unknown}
 i - a potion of cancellation {unknown}
 j - a potion of resistance {unknown}
 k - 3 potions of curing {unknown}
 q - 2 potions of agility
 B - a potion of heal wounds {unknown}
Books
 c - a book of Spatial Translocations

   Spells                             Type                      Level
   a - Blink                          Translocation                2
   b - Shroud of Golubria             Charms/Translocation         2
   c - Lesser Beckoning               Translocation                3
   d - Gell's Gravitas                Translocation                3
   e - Teleport Other                 Translocation                3
   f - Passage of Golubria            Translocation                4
Comestibles
 f - 3 rations


   Skills:
 - Level 1.5 Fighting
 + Level 4.7 Short Blades
 - Level 1.0 Throwing
 + Level 6.6 Dodging
 + Level 5.9 Stealth
 - Level 3.1 Spellcasting
 - Level 2.0 Charms
 - Level 4.4 Translocations


You couldn't memorise any spells.
You knew the following spells:

 Your Spells              Type           Power        Failure   Level  Hunger
a - Blink                 Tloc           N/A          4%          2    ##.....
b - Shroud of Golubria    Chrm/Tloc      ##........   7%          2    ##.....
c - Teleport Other        Tloc           ###.....     9%          3    ###....
d - Passage of Golubria   Tloc           N/A          28%         4    ####...


Dungeon Overview and Level Annotations

Branches:
Dungeon (6/15)             Temple (0/1) D:4

Altars:
Cheibriados
Elyvilon
Gozag
Makhleb
Trog
Yredelemnul

Shops:
D:5 }

Annotations:
D:3 exclusions: downstairs and iguana
D:4 Eustachio
D:5 exclusions: orc wizard, sky beast and 1 more exclusion, Pikel
D:6 exclusion: sky beast, diana's ghost, amateur TeGl


Innate Abilities, Weirdness & Mutations

You are very small and have problems with some larger weapons.
You are too small for most types of armour.
You have supernaturally acute eyesight. (SInv)
You are a herbivore.
You cover ground extremely quickly.
You need consume almost no food.


Message History

The puff of flame hits the orc warrior.
The orc warrior is severely wounded.
Casting: Shroud of Golubria
Confirm with . or Enter, or press ? or * to list all spells.
Space distorts slightly along a thin shroud covering your body.
Evoke which item? (* to show all) (? for menu, Esc to quit)
Aiming: Throw Flame
Press: ? - help, Shift-Dir - straight line, f/p - orc warrior
Aim: an orc warrior, wielding a halberd and wearing a chain mail (severely wounded)
The puff of flame hits the orc warrior.
The orc warrior appears unharmed.
The orc warrior is severely wounded.
Evoke which item? (* to show all) (? for menu, Esc to quit)
Aiming: Throw Flame
Press: ? - help, Shift-Dir - straight line, f/p - orc warrior
Aim: an orc warrior, wielding a halberd and wearing a chain mail (severely wounded)
The puff of flame hits the orc warrior.
The orc warrior appears unharmed.
The orc warrior is severely wounded.
The orc warrior hits you with a halberd!!
Ouch! That really hurt!
You die...

#.......#
#.......##..#
..≈ ####.####
#.....(.....#
.≈ #.o...#
#.......###.#
..≈ ##.##.#
#.......#
#.#####W.#
####.#
#.......#
#........#
#o# #########
###......#
#o# #.######
#.# ########
#.# #.#
#.o@..<# #.#
#.#
#o####.###.#
#.######.#
#.....#
#.o.o....#
#######
##########


You could see an orc warrior and an orc.

Vanquished Creatures
  A howler monkey (D:4)
  A hound (D:4)
  An orc priest (D:4)
  Ijyb (D:4)
  2 orc wizards
  2 worker ants
  A hound zombie (D:3)
  3 gnolls (D:4)
  10 adders
  2 worms (D:2)
  2 dart slugs
  4 leopard geckos
  12 orcs
  A ball python (D:1)
  5 bats
  5 giant cockroaches
  10 goblins
  6 hobgoblins
  2 jackals (D:1)
  3 quokkas
  8 frilled lizards
  8 kobolds
  A quokka skeleton (D:4)
  A quokka zombie (D:5)
  5 rats
97 creatures vanquished.

Notes
Turn   | Place    | Note
-------+----------+-------------------------------------------
     0 | D:1      | jamsan the Spriggan Warper began the quest for the Orb.
     0 | D:1      | Reached XP level 1. HP: 10/10 MP: 5/5
   262 | D:1      | Reached skill level 1 in Stealth
   306 | D:1      | Reached XP level 2. HP: 7/14 MP: 6/6
   313 | D:1      | Learned a level 2 spell: Blink
   316 | D:1      | Learned a level 2 spell: Shroud of Golubria
   638 | D:1      | Reached skill level 4 in Dodging
  1451 | D:2      | Reached XP level 3. HP: 18/18 MP: 4/8
  1979 | D:2      | Found a snail-covered altar of Cheibriados.
  2019 | D:2      | Learned a level 3 spell: Teleport Other
  2044 | D:2      | Reached skill level 1 in Charms
  2067 | D:2      | Reached XP level 4. HP: 22/22 MP: 6/9
  2095 | D:2      | Found an opulent altar of Gozag.
  2927 | D:3      | Reached skill level 5 in Dodging
  3024 | D:3      | Reached XP level 5. HP: 25/25 MP: 7/10
  3225 | D:3      | Found a basalt altar of Yredelemnul.
  3805 | D:4      | Found a white marble altar of Elyvilon.
  4005 | D:4      | Found a burning altar of Makhleb.
  4132 | D:4      | Found a staircase to the Ecumenical Temple.
  4175 | D:4      | Noticed Eustachio
  4362 | D:4      | Reached XP level 6. HP: 27/30 MP: 4/11
  4368 | D:4      | Learned a level 4 spell: Passage of Golubria
  4515 | D:4      | Reached skill level 6 in Dodging
  4515 | D:4      | Reached skill level 5 in Stealth
  5277 | D:4      | Noticed Ijyb
  5499 | D:4      | Killed Ijyb
  5783 | D:4      | Found a bloodstained altar of Trog.
  5819 | D:5      | Entered Level 5 of the Dungeon
  6825 | D:5      | Noticed a slave
  7111 | D:5      | Noticed a sky beast
  7189 | D:5      | Found Kyqud's Gadget Boutique.
  7190 | D:5      | Noticed a slave
  7194 | D:5      | Bought a wand of flame (27) for 174 gold pieces
  7311 | D:5      | Noticed Pikel
  7311 | D:5      | Noticed a slave
  7371 | D:6      | Noticed an orc warrior
  7679 | D:6      | Noticed a sky beast
  7688 | D:6      | Noticed diana's ghost (amateur TeGl)
  7790 | D:6      | Mangled by an orc warrior

Skill      XL: |  1  2  3  4  5  6 |
---------------+-------------------+-----
Stealth        | 1 2 3 4 5 |  5.9
Dodging        | 4 5 6 |  6.6
Short Blades   | 3 4 |  4.7
Charms         | 1 2 |  2.0
Spellcasting   | 3 |  3.1
Fighting       | |  1.5
Throwing       | |  1.0
Translocations | |  4.4

Action                   |  1- 3 |  4- 6 || total
-------------------------+-------+-------++-------
Melee: Short sword       |   170 |   198 ||   368
Throw: Tomahawk          |     1 |     1 ||     2
 Cast: Shroud of Golubri |    18 |    41 ||    59
       Blink             |       |     6 ||     6
       Passage of Golubr |       |     1 ||     1
Evoke: Wand              |       |     5 ||     5
  Use: Scroll            |       |    12 ||    12
 Stab: Sleeping          |     3 |     4 ||     7
  Eat: Ration            |       |     5 ||     5
Armor: Robe              |    18 |     8 ||    26
Dodge: Dodged            |   143 |   150 ||   293
